 Dungeon Crawl Stone Soup version 0.20-a0-555-gf6ae02d (console) character file.

239554 Lahna the Warrior (level 19, 0/128 HPs)
             Began as a Gargoyle Fighter on Feb 7, 2017.
             Was the Champion of the Shining One.
             Slain by a vault warden
             ... wielding a +0 broad axe
              (29 damage)
             ... on level 1 of the Vaults on Feb 8, 2017.
             The game lasted 02:03:30 (35239 turns).

Lahna the Warrior (Gargoyle Fighter)               Turns: 35239, Time: 02:03:31

Health: 0/128      AC: 53    Str: 28    XL:     19   Next: 30%
Magic:  26/30      EV:  8    Int: 12    God:    the Shining One [******]
Gold:   627        SH: 16    Dex: 17    Spells: 18/18 levels left

rFire    + + .     SeeInvis .   b - +10 flail of Triumph {holy, rN+ Int+3}
rCold    . . .     Gourm    .   O - +5 crystal plate armour "Sitas" {rPois rF++ Dex+8 Stlth-}
rNeg     + + +     Faith    +   c - +1 shield
rPois    ∞         Spirit   .   E - +2 helmet of Panentheism {Regen+}
rElec    +         Reflect  .   Q - +2 cloak
rCorr    .         Harm     .   s - +0 pair of gloves
MR       +++..                  j - +0 pair of boots
Stlth    ..........             T - amulet of faith
Regen    0.8/turn               y - ring of protection from magic
                                g - ring of protection from magic

@: flying, glowing
A: big wings, negative energy resistance 1, electricity resistance, unbreathing,
petrification resistance, rot immunity, AC +13
}: 2/15 runes: decaying, serpentine
a: Stop Flying, Divine Shield, Cleansing Flame, Summon Divine Warrior, Brand
Weapon With Holy Wrath, Renounce Religion


You were on level 1 of the Vaults.
You worshipped the Shining One.
The Shining One was exalted by your worship.
You were not hungry.

You visited 7 branches of the dungeon, and saw 33 of its levels.
You also visited: Labyrinth and Ossuary.

You collected 2716 gold pieces.
You spent 2089 gold pieces at shops.

Inventory:

Hand Weapons
 b - the +10 flail of Triumph (weapon) {holy, rN+ Int+3}
   (You found it on level 15 of the Dungeon)

   It has been blessed by the Shining One to cause great damage to the undead
   and demons.
   It affects your intelligence (+3).
   It protects you from negative energy.
 u - a +1 morningstar of crushing
Armour
 c - a +1 shield (worn)
 j - a +0 pair of boots (worn)
 s - a +0 pair of gloves (worn)
 E - the +2 helmet of Panentheism (worn) {Regen+}
   (You bought it in a shop on level 2 of the Orcish Mines)

   It increases your rate of regeneration.
 O - the +5 crystal plate armour "Sitas" (worn) {rPois rF++ Dex+8 Stlth-}
   (You bought it in a shop on level 5 of the Dungeon)

   It affects your dexterity (+8).
   It greatly protects you from fire.
   It protects you from poison.
   It makes you less stealthy.
 Q - a +2 cloak (worn)
 R - the +7 scale mail "Gotaores" {rC+ Dex+2 SInv}
   (You found it on level 2 of the Snake Pit)

   It affects your dexterity (+2).
   It protects you from cold.
   It lets you see invisible.
Jewellery
 g - a ring of protection from magic (left hand)
 t - an uncursed ring of protection from cold
 y - a ring of protection from magic (right hand)
 G - an uncursed ring of fire
 T - an amulet of faith (around neck)
Wands
 v - a wand of acid (12/15)
 H - a wand of digging (16/24)
 U - a wand of disintegration (11/24)
Scrolls
 a - 6 scrolls of enchant armour
 d - a scroll of fear
 i - 4 scrolls of magic mapping
 k - 8 scrolls of amnesia
 o - 13 scrolls of teleportation
 p - 15 scrolls of remove curse
 q - 4 scrolls of recharging
 z - 3 scrolls of fog
 A - 7 scrolls of blinking
 I - 6 scrolls of identify
 J - 5 scrolls of enchant weapon
 L - a scroll of immolation {unknown}
 P - a scroll of brand weapon
Potions
 e - 4 potions of flight
 h - 4 potions of cancellation
 l - a potion of brilliance
 m - a potion of haste
 n - 13 potions of curing
 r - 2 potions of magic
 w - 2 potions of agility
 D - 2 potions of ambrosia
 F - 2 potions of resistance
 K - a potion of might
 S - 2 potions of cure mutation
 X - a potion of heal wounds
Books
 x - Roxanne's Disquisition on Transformation
   (You took it off Roxanne on level 2 of the Snake Pit)

   Spells                             Type                      Level
   a - Ignite Poison                  Fire/Transmutation/Poison    3
   b - Irradiate                      Conjuration/Transmutation    5
   c - Blade Hands                    Transmutation                5
   d - Statue Form                    Transmutation/Earth          6
 C - the Disquisition on Transmigration
   (You found it on level 2 of the Snake Pit)

   Spells                             Type                      Level
   a - Beastly Appendage              Transmutation                1
   b - Ice Form                       Ice/Transmutation            4
   c - Petrify                        Transmutation/Earth          4
   d - Dragon Form                    Transmutation                7
 M - a book of Air

   Spells                             Type                      Level
   a - Shock                          Conjuration/Air              1
   b - Swiftness                      Charms/Air                   2
   c - Repel Missiles                 Charms/Air                   2
   d - Static Discharge               Conjuration/Air              3
   e - Lightning Bolt                 Conjuration/Air              5
 W - a book of Party Tricks

   Spells                             Type                      Level
   a - Summon Butterflies             Summoning                    1
   b - Apportation                    Translocation                1
   c - Lesser Beckoning               Translocation                3
   d - Tukima's Dance                 Hexes                        3
   e - Alistair's Intoxication        Transmutation/Poison         5
   f - Invisibility                   Hexes                        6
Comestibles
 f - 15 bread rations
 B - 11 meat rations
 N - 42 fruits
 V - 4 chunks of flesh


   Skills:
 + Level 17.4 Fighting
 - Level 16.0 Maces & Flails
 - Level 16.1 Armour
 + Level 3.1 Dodging
 - Level 15.1 Shields
 + Level 15.9 Invocations


You had 18 spell levels left.
You didn't know any spells.

Dungeon Overview and Level Annotations

Branches:
Dungeon (15/15)            Temple (1/1) D:7            Lair (6/6) D:10
  Swamp (4/4) Lair:3        Snake (4/4) Lair:3        Slime (0/5) Lair:5
    Orc (2/2) D:11            Elf (0/3) Orc:2        Vaults (1/5) D:13
 Depths (0/5) D:15

Altars:
Ashenzari
Cheibriados
Dithmenos
Elyvilon
Gozag
Hepliaklqana
Kikubaaqudgha
Makhleb
Nemelex Xobeh
Okawaru
Qazlal
Ru
Sif Muna
Trog
Uskayaw
Vehumet
Xom
Yredelemnul
Zin
The Shining One
Jiyva

Shops:
D:5 [   D:6 :%[[   D:13 %   Orc:2 *:([*


Innate Abilities, Weirdness & Mutations

You are resistant to torment.
Your stone body is resilient. (AC +13)
You are immune to poison.
Your large and strong wings let you fly indefinitely.
You resist negative energy. (rN+)
You are resistant to electric shocks. (rElec)
You can survive without breathing.
You are immune to petrification.
You are immune to rotting.


Message History

You block the yaktaur's attack. The wizard barely misses your daeva.
Your daeva hits the wizard with a long sword of holy wrath!!
Your daeva hits the wizard with a long sword of holy wrath!
You hit the vault warden.
The vault warden is heavily wounded.
You block the ironbrand convoker's attack.
Unknown command.
You bludgeon the ironbrand convoker!!
You kill the ironbrand convoker!
The yaktaur hits you but does no damage.
You block the vault warden's attack.
The vault warden hits your daeva with a broad axe!
The wizard hits your daeva with a dagger.
Your daeva hits the wizard with a long sword of holy wrath!!
The wizard dies!
The Shining One accepts your kill.
Your divine shield fades away.
The yaktaur barely misses you.
The vault warden hits you with a broad axe!!
You die...

###cc#####.p#..'...+..#
#pc)#..p..#.#..#...#..#
+HWp##c...p..#####...####
#..c#.#..H..#.# #.⌠.#
+...#..#####..# #####
#8#.#..#####).#
#####.#....A#.#
##....pc.##
########)...@##
#......#++#####
#......'..)...###
#......#.##)#...##
#......#.#..#....#
#......+....###..##
#......#.#### #...#
#......#... ####.# ###
#......##..# #....#


You could see a vault warden, a yaktaur and a friendly daeva.

Vanquished Creatures
  Vashnia (Snake:3)
  Jorgrun (Snake:3)
  Rupert (Lair:5)
  2 thorn hunters
  Roxanne (Snake:2)
  6 nagarajas
  2 vault wardens (Vaults:1)
  2 orc warlords
  An ironheart preserver (Vaults:1)
  The ghost of yrara the Grappler, a journeyman TrFi of Trog (Lair:4)
  A dire elephant (D:15)
  Snorg (D:13)
  A minotaur (Lab)
  A yaktaur captain (Vaults:1)
  Fannar (D:12)
  Josephine (D:14)
  2 ogre magi (Vaults:1)
  22 hydras
  A ghost crab (Swamp:2)
  6 centaur warriors
  4 vault guards (Vaults:1)
  6 anacondas
  11 naga warriors
  2 dancing weapons (D:13)
  9 alligators
  9 two-headed ogres
  An orc high priest (Orc:2)
  4 shock serpents
  14 naga sharpshooters
  5 salamander mystics (Snake:4)
  2 spriggan druids
  3 unseen horrors
  11 naga ritualists
  7 shambling mangroves
  11 swamp dragons
  4 ironbrand convokers (Vaults:1)
  4 lindwurms (Snake:4)
  8 harpies (Vaults:1)
  A harpy (shapeshifter) (D:14)
  3 orc knights
  A deep elf archer (Vaults:1)
  13 mana vipers
  A wolf spider (D:15)
  A manticore (D:13)
  6 orc sorcerers
  5 cyclopes
  A wolf spider zombie (D:14)
  11 ugly things
  8 guardian serpents
  12 salamanders
  31 black mambas
  12 elephants (Lair:6)
  A vault sentinel (Vaults:1)
  20 naga magi
  A torpor snail (Lair:5)
  A gargoyle (D:15)
  18 spiny frogs
  4 freezing wraiths
  A rime drake (Lair:5)
  8 komodo dragons
  7 yaktaurs
  A kobold demonologist (D:12)
  A merfolk (D:15)
  18 hornets
  A polar bear (Lair:6)
  12 trolls
  4 tyrant leeches
  A harpy skeleton (D:15)
  7 hippogriffs
  5 bog bodies
  20 slime creatures
  4 blink frogs (Lair:5)
  7 dream sheep (Lair:5)
  4 shadows
  17 spriggans
  A fire elemental (Snake:3)
  3 wyverns
  5 wraiths
  31 yaks
  3 basilisks
  12 vampire mosquitoes
  12 hungry ghosts
  A steam dragon (D:11)
  13 swamp worms
  37 nagas
  9 wargs
  11 insubstantial wisps
  An acid dragon (D:15)
  3 hell hounds (Snake:3)
  12 water moccasins
  5 porcupines
  14 swamp drakes
  25 orc warriors
  Duvessa (D:7)
  2 ice beasts
  An eye of draining (shapeshifter) (D:12)
  An eye of draining (D:15)
  14 ogres
  3 phantoms
  27 wolves
  A necrophage (D:13)
  20 centaurs
  7 crocodiles
  3 elf zombies (Ossuary)
  5 big kobolds
  18 bullfrogs
  2 wyvern zombies (D:11)
  Dowan (D:7)
  3 scorpions
  5 wights (D:8)
  4 howler monkeys
  2 electric eels (Lair:3)
  4 crimson imps
  6 centaur zombies
  A bullfrog zombie (D:9)
  3 jellies
  4 hounds
  9 centaur skeletons
  13 orc priests
  2 bullfrog skeletons (D:10)
  25 orc wizards
  7 iguanas
  8 worker ants
  2 big kobold zombies (Ossuary)
  4 hound zombies (Ossuary)
  A hound skeleton (D:8)
  3 mummies (Ossuary)
  2 worker ant zombies
  5 gnolls
  12 adders
  6 shadow imps
  An ooze (D:1)
  3 adder zombies
  2 adder skeletons (D:8)
  2 worms (D:2)
  3 dart slugs
  6 leopard geckos
  53 orcs
  4 giant cockroaches
  A gnoll zombie (Ossuary)
  12 goblins
  4 hobgoblins
  5 jackals
  3 quokkas
  A ball python (D:1)
  3 bats
  8 frilled lizards
  4 goblin zombies (Ossuary)
  3 hobgoblin zombies (Ossuary)
  4 jackal zombies (Ossuary)
  20 kobolds
  4 kobold zombies (Ossuary)
  A leopard gecko zombie (D:9)
  5 quokka zombies (Ossuary)
  6 rats
  3 rat zombies (Ossuary)
  2 briar patches (Swamp:2)
  A butterfly (D:11)
  A plant (Lair:6)
1039 creatures vanquished.

Vanquished Creatures (collateral kills)
  A nagaraja (Snake:4)
  Azrael (Snake:3)
  A yaktaur captain (Vaults:1)
  3 naga warriors (Snake:4)
  An alligator (Swamp:1)
  An anaconda (Snake:4)
  4 naga sharpshooters (Snake:4)
  3 shock serpents (Snake:4)
  A naga ritualist (Snake:4)
  A wizard (Vaults:1)
  A salamander (Snake:3)
  5 mana vipers (Snake:4)
  2 guardian serpents (Snake:4)
  2 black mambas (Snake:4)
  3 naga magi (Snake:4)
  3 fire elementals (Snake:3)
  3 nagas
36 creatures vanquished.

Vanquished Creatures (others)
  A swamp worm (Swamp:4)
  2 nagas (Snake:4)
  A briar patch (Swamp:2)
  6 fungi
  4 plants
14 creatures vanquished.

Grand Total: 1089 creatures vanquished

Notes
Turn   | Place    | Note
-------+----------+-------------------------------------------
     0 | D:1      | Lahna the Gargoyle Fighter began the quest for the Orb.
     0 | D:1      | Reached XP level 1. HP: 14/14 MP: 1/1
   154 | D:1      | Reached XP level 2. HP: 9/19 MP: 2/2
   495 | D:1      | Reached XP level 3. HP: 23/23 MP: 3/3
  1443 | D:2      | Reached XP level 4. HP: 23/28 MP: 4/4
  1841 | D:2      | Reached skill level 5 in Maces & Flails
  1841 | D:2      | Reached XP level 5. HP: 28/32 MP: 5/5
  1959 | D:2      | Found a shimmering altar of Xom.
  1959 | D:2      | Found a hide-covered altar of Uskayaw.
  2914 | D:4      | Noticed a phantom
  2935 | D:4      | Killed a phantom
  2935 | D:4      | Reached XP level 6. HP: 33/38 MP: 6/6
  3452 | D:5      | Entered Level 5 of the Dungeon
  3476 | D:5      | Reached skill level 4 in Fighting
  3786 | D:5      | Found Lauk's Antique Armour Shop.
  3880 | D:5      | Reached XP level 7. HP: 14/44 MP: 7/7
  4570 | D:5      | Reached skill level 5 in Fighting
  4621 | D:5      | Reached skill level 5 in Shields
  4642 | D:5      | Reached skill level 5 in Armour
  4642 | D:5      | Reached XP level 8. HP: 48/49 MP: 8/8
  4665 | D:5      | Found a basalt altar of Yredelemnul.
  4844 | D:6      | Found Nufoicw's Food Shoppe.
  4942 | D:6      | Found Qopijet's Book Shop.
  5085 | D:6      | Found Cuwnil's Antique Armour Shoppe.
  5162 | D:6      | Noticed a hippogriff
  5169 | D:6      | Killed a hippogriff
  5171 | D:6      | Reached skill level 6 in Fighting
  5450 | D:6      | Found a sand-covered staircase.
  5459 | Ossuary  | Entered an ossuary
  5503 | Ossuary  | Reached XP level 9. HP: 50/56 MP: 9/9
  6133 | D:6      | Found Iqofoana's Antique Armour Shop.
  6278 | D:7      | Noticed Dowan
  6279 | D:7      | Noticed Duvessa
  6287 | D:7      | Killed Duvessa
  6287 | D:7      | Reached skill level 7 in Fighting
  6302 | D:7      | Killed Dowan
  6571 | D:7      | Found a staircase to the Ecumenical Temple.
  6623 | Temple   | Entered the Ecumenical Temple
  6714 | Temple   | Became a worshipper of the Shining One
  7059 | D:8      | Noticed a hornet
  7072 | D:8      | Killed a hornet
  7221 | D:8      | Noticed a two-headed ogre
  7234 | D:8      | Killed a two-headed ogre
  7234 | D:8      | Reached skill level 8 in Fighting
  7234 | D:8      | Reached XP level 10. HP: 17/64 MP: 10/10
  8353 | D:9      | Reached skill level 10 in Maces & Flails
  8452 | D:9      | Reached * piety under the Shining One
  8520 | D:9      | Reached skill level 1 in Invocations
  8969 | D:9      | Reached XP level 11. HP: 67/68 MP: 12/14
  9368 | D:10     | Entered Level 10 of the Dungeon
  9606 | D:9      | Noticed a two-headed ogre
  9615 | D:9      | Killed a two-headed ogre
  9695 | D:10     | Reached skill level 5 in Invocations
  9854 | D:10     | Found a staircase to the Lair.
 10245 | D:10     | Reached ** piety under the Shining One
 10461 | D:10     | Found a shadowy altar of Dithmenos.
 10714 | Lair:1   | Entered Level 1 of the Lair of Beasts
 10745 | Lair:1   | Reached skill level 9 in Fighting
 10859 | Lair:1   | Found a labyrinth entrance.
 10868 | Lab      | Entered a labyrinth
 11398 | Lab      | Noticed an unseen horror
 11427 | Lab      | Killed an unseen horror
 11618 | Lab      | Reached XP level 12. HP: 76/76 MP: 16/16
 11676 | Lab      | Noticed a minotaur
 11700 | Lab      | Killed a minotaur
 11710 | Lab      | Identified the Reference Book on Summoning
 11719 | Lab      | Identified the Guide on Curses
 11808 | Lair:1   | Noticed an eight-headed hydra
 11824 | Lair:1   | Killed an eight-headed hydra
 12016 | Lair:1   | Noticed an eight-headed hydra
 12024 | Lair:1   | Killed an eight-headed hydra
 13166 | Lair:2   | Reached skill level 10 in Fighting
 13166 | Lair:2   | Reached skill level 10 in Shields
 13207 | Lair:3   | Reached skill level 10 in Armour
 13319 | Lair:3   | Found a staircase to the Snake Pit.
 13343 | Lair:3   | Found a staircase to the Swamp.
 14001 | Lair:4   | Noticed yrara's ghost (journeyman TrFi)
 14054 | Lair:4   | Killed yrara's ghost
 14267 | Lair:4   | Reached XP level 13. HP: 52/82 MP: 17/17
 15659 | Lair:5   | Reached *** piety under the Shining One
 15730 | Lair:5   | Noticed Rupert
 15760 | Lair:5   | Killed Rupert
 15945 | Lair:5   | Found a staircase to the Slime Pits.
 15945 | Lair:5   | Found a viscous altar of Jiyva.
 15989 | Lair:5   | Reached skill level 11 in Fighting
 16293 | Lair:6   | Entered Level 6 of the Lair of Beasts
 17322 | Lair:6   | Got a warped mace
 17328 | Lair:6   | Identified the +11 mace "Xufam" {vamp, Fragile rElec Int+4} (You found it on level 6 of the Lair of Beasts)
 17439 | Lair:6   | Gained mutation: Your large and strong wings let you fly indefinitely. [Gargoyle growth]
 17439 | Lair:6   | Reached XP level 14. HP: 61/90 MP: 20/20
 18365 | D:11     | Found a staircase to the Orcish Mines.
 18601 | Orc:1    | Entered Level 1 of the Orcish Mines
 18614 | Orc:1    | Noticed an orc warlord
 18825 | D:11     | Killed an orc warlord
 19334 | Orc:2    | Entered Level 2 of the Orcish Mines
 19392 | Orc:2    | Found Eqaor's Antique Armour Shop.
 19457 | Orc:2    | Bought a transparent helmet for 304 gold pieces
 19467 | Orc:2    | Identified the +2 helmet of Panentheism {Regen+} (You bought it in a shop on level 2 of the Orcish Mines)
 19530 | Orc:2    | Noticed an orc warlord
 19556 | Orc:2    | Found a burning altar of Makhleb.
 19885 | Orc:2    | Reached **** piety under the Shining One
 19886 | Orc:2    | Found Koeheut's Antique Weapon Shoppe.
 20100 | Orc:2    | Found Gevievo's General Store.
 20124 | Orc:2    | Killed an orc warlord
 20259 | Orc:2    | Found Meutuxko's Book Emporium.
 20299 | Orc:1    | Reached skill level 12 in Fighting
 20380 | Orc:2    | Found Nuthe's General Store.
 20622 | Orc:2    | Found a staircase to the Elven Halls.
 20838 | D:12     | Noticed Fannar
 20854 | D:12     | Killed Fannar
 21909 | D:13     | Reached ***** piety under the Shining One
 21925 | D:13     | Found Ziapom's Food Emporium.
 22069 | D:13     | Reached XP level 15. HP: 97/97 MP: 22/22
 22212 | D:13     | Reached skill level 10 in Invocations
 22371 | D:13     | Found a gate to the Vaults.
 22396 | D:13     | Noticed Snorg
 22426 | D:13     | Killed Snorg
 22796 | D:14     | Found a snail-covered altar of Cheibriados.
 23179 | D:14     | Noticed Josephine
 23192 | D:14     | Killed Josephine
 23376 | D:15     | Entered Level 15 of the Dungeon
 23404 | D:15     | Found a shimmering altar of Xom.
 23404 | D:15     | Found a shimmering altar of Xom.
 23405 | D:15     | Found a shimmering altar of Xom.
 23406 | D:15     | Found a shimmering altar of Xom.
 23805 | D:15     | Reached ****** piety under the Shining One
 23816 | D:15     | Reached skill level 13 in Fighting
 23990 | D:15     | Reached skill level 15 in Maces & Flails
 24043 | D:15     | Found a staircase to the Depths.
 24679 | Swamp:1  | Entered Level 1 of the Swamp
 25252 | Swamp:1  | Got a bloodstained leather armour
 25523 | Swamp:2  | Reached XP level 16. HP: 84/104 MP: 24/24
 25805 | Swamp:2  | Noticed a thorn hunter
 25820 | Swamp:2  | Killed a thorn hunter
 26609 | Swamp:3  | Noticed a thorn hunter
 26624 | Swamp:3  | Killed a thorn hunter
 27036 | D:5      | Bought an ichor-stained crystal plate armour for 1785 gold pieces
 27046 | D:5      | Identified the +5 crystal plate armour "Sitas" {rPois rF++ Dex+8 Stlth-} (You bought it in a shop on level 5 of the Dungeon)
 27355 | D:15     | Got a crystal flail
 27356 | D:15     | Identified the +10 flail of Triumph {holy, rN+ Int+3} (You found it on level 15 of the Dungeon)
 28139 | Swamp:4  | Entered Level 4 of the Swamp
 28407 | Swamp:4  | Reached skill level 14 in Fighting
 29024 | Swamp:4  | Reached XP level 17. HP: 109/111 MP: 26/26
 29206 | Swamp:4  | Got a decaying rune of Zot
 29555 | Snake:1  | Entered Level 1 of the Snake Pit
 30266 | Snake:2  | Reached skill level 15 in Shields
 30374 | Snake:2  | Noticed Roxanne
 30685 | Snake:2  | Got an ancient scale mail
 30690 | Snake:2  | Identified the +7 scale mail "Gotaores" {rC+ Dex+2 SInv} (You found it on level 2 of the Snake Pit)
 30691 | Snake:2  | Identified the +0 leather armour of the Barnacle {Dex+7} (You found it on level 1 of the Swamp)
 30826 | Snake:2  | Reached skill level 15 in Armour
 30848 | Snake:2  | Identified the Disquisition on Transmigration
 30937 | Snake:2  | HP: 4/112 [Roxanne/crystal spear (73)]
 30956 | Snake:2  | Killed Roxanne
 30957 | Snake:2  | Identified Roxanne's Disquisition on Transformation (You took it off Roxanne on level 2 of the Snake Pit)
 31236 | Snake:2  | Reached skill level 15 in Fighting
 31532 | Snake:3  | Noticed Vashnia
 31608 | Snake:3  | Noticed Azrael
 31613 | Snake:3  | Killed Vashnia
 31630 | Snake:3  | Killed Azrael
 31799 | Snake:3  | Noticed Jorgrun
 31814 | Snake:3  | Killed Jorgrun
 32425 | Snake:4  | Entered Level 4 of the Snake Pit
 32481 | Snake:4  | Reached XP level 18. HP: 117/119 MP: 28/28
 33340 | Snake:4  | Reached skill level 16 in Fighting
 33786 | Snake:4  | Reached skill level 15 in Invocations
 33830 | Snake:4  | Got a serpentine rune of Zot
 34586 | D:15     | Reached skill level 17 in Fighting
 34639 | Vaults:1 | Entered Level 1 of the Vaults
 34735 | Vaults:1 | Reached XP level 19. HP: 117/128 MP: 30/30
 34938 | Vaults:1 | Reached skill level 1 in Dodging
 35239 | Vaults:1 | Slain by a vault warden

Vault maps used:
D:1:      nagdon_arrival_zigzag_paths
D:2:      amethyst_overflow_temple_binary, first_bread, minmay_lizard_pond
D:4:      minmay_misc_feat_hallway
D:5:      yredelemnul_altar_generic, serial_shops, kennysheep_mini
D:6:      nicolae_ossuary_entry_ruins, serial_shops, shop_fountains, shop,
          kennysheep_little_box, nicolae_shop_temple_entry_statues_fountains
D:7:      minmay_temple_entry_nine_rooms, uniq_duvessa
D:10:     kb_forest_paths, lair_entry_dummy, basic_altar, blue_anna_alchemist
D:11:     orc_0_dummy, hangedman_glass_garden
D:12:     uniq_fannar
D:13:     erik_vaults_1, serial_shops, nicolae_shop_crystal, uniq_snorg
D:14:     cheibriados_altar_1, uniq_josephine
D:15:     hangedman_depths_entry_try_elsewhere_first, xom_shifter_show
Temple:   eino_narrow_crystal_temple
Lair:1:   lab_entry_generic, lemuel_fruit_tree
Lair:2:   beast_lair_carwin_11
Lair:3:   minmay_swamp_entry_eels, minmay_snake_entry_spellcaster, minivault_25
Lair:5:   slime_altar_1, uniq_rupert
Lair:6:   due_jungle_book, lemuel_fruit_fields
Swamp:1:  nicolae_swamp_dense_foliage, swamp_pool1, infiniplex_staircase_pool_2
Swamp:2:  evilmike_swamp_ruin_house_3
Swamp:3:  evilmike_swamp_ruin_rubble_2
Swamp:4:  swamp_basic_johnstein, swamp_pool2
Snake:1:  spider_trap, st_stairs_8
Snake:2:  uniq_roxanne
Snake:3:  uniq_vashnia, uniq_azrael, uniq_jorgrun
Snake:4:  snake_pit_salamanders_mu
Orc:2:    grunt_orc_gardens, grunt_orc_garden, grunt_orc_garden,
          grunt_orc_garden, grunt_orc_garden, basic_altar, serial_shops,
          nicolae_shop_stone
Vaults:1: nicolae_vaults_little_squares_1, grunt_vaults_swirl,
          hangedman_vaults_capsules, vaults_mumra_lcd,
          vaults_room_grunt_arrival_checkpoint, nicolae_vaults_border_crossing,
          vaults_room_mumra_shop_pool, ontoclasm_vaults_shuriken,
          nicolae_vaults_little_squares_3, ontoclasm_vaults_loading_screen
Lab:      nicolae_lab_dead_adventurers, nicolae_lab_blocks, nicolae_lab_statue,
          nicolae_lab_starburst, nicolae_lab_stuck, nicolae_lab_grate,
          nicolae_lab_lava, lab_fountain, nicolae_lab_diamond,
          labyrinth_skeletal_remains
Ossuary:  minmay_ossuary_two_tombs

Skill      XL: |  1  2  3  4  5  6  7  8  9 10 11 12 13 14 15 16 17 18 19 |
---------------+----------------------------------------------------------+-----
Maces & Flails | 3 4 5 6 7 8 10 12 13 14 15 16 | 16.0
Shields        | 4 5 6 8 9 10 11 12 13 14 15 | 15.1
Fighting       | 4 5 6 8 9 10 11 12 13 14 15 17 | 17.4
Armour         | 4 5 6 7 9 10 12 13 14 15 16 | 16.1
Invocations    | 4 5 6 8 9 11 12 13 15 | 15.9
Dodging        | 3 |  3.1

Action                   |  1- 3 |  4- 6 |  7- 9 | 10-12 | 13-15 | 16-18 | 19-21 || total
-------------------------+-------+-------+-------+-------+-------+-------+-------++-------
Melee: Flail             |   139 |   114 |       |       |       |  1422 |   207 ||  1882
       Morningstar       |       |    93 |   469 |   731 |  1579 |   232 |       ||  3104
Invok: Divine Shield     |       |       |       |     3 |     2 |     6 |     1 ||    12
       Summon Divine War |       |       |       |       |       |     4 |     1 ||     5
       Cleansing Flame   |       |       |       |       |       |     3 |       ||     3
 Abil: Fly               |       |       |       |       |     1 |       |       ||     1
  Use: Scroll            |       |     4 |     3 |    14 |    10 |     5 |       ||    36
       Potion            |       |     1 |     2 |     2 |     2 |    12 |       ||    19
  Eat: Chunk             |     2 |     7 |    18 |    17 |    37 |     9 |       ||    90
       Fruit             |       |       |     2 |       |     5 |     3 |       ||    10
       Meat ration       |       |       |       |     1 |       |       |       ||     1
       Royal jelly       |       |       |       |     6 |     2 |     3 |       ||    11
       Bread ration      |       |       |       |     1 |       |     4 |       ||     5
Armor: Scale mail        |    73 |    91 |   218 |   134 |       |       |       ||   516
       Plate armour      |       |       |       |   325 |   976 |   169 |       ||  1470
       Crystal plate arm |       |       |       |       |       |  1207 |    82 ||  1289
Dodge: Dodged            |    30 |    65 |    98 |   186 |   413 |   325 |    20 ||  1137
Block: Shield            |    70 |    93 |   250 |   453 |  1188 |  1602 |   166 ||  3822
